 Dungeon Crawl Stone Soup version 0.14-a0-836-g5210f43 (console) character file.

3610 Kellhus the Conjurer (level 10, 45/54 HPs)
             Began as an Octopode Wizard on Nov 12, 2013.
             Was a Priest of Vehumet.
             Quit the game on Level 6 of the Dungeon.
             The game lasted 00:19:27 (8558 turns).

Kellhus the Conjurer (Octopode Wizard)              Turns: 8558, Time: 00:19:27

HP  45/54        AC  1     Str  7      XL: 10   Next:  1%
MP  25/25        EV 13     Int 24      God: Vehumet [***...]
Gold 305         SH  0     Dex 10      Spells:  6 memorised,  9 levels left

Res.Fire  : . . .   See Invis. : +   b - +0 blowgun
Res.Cold  : . . .   Warding    : .   (no shield)
Life Prot.: . . .   Conserve   : .   t - +0 wizard hat (curse)
Res.Poison: .       Res.Corr.  : .   (no amulet)
Res.Elec. : .       Clarity    : .   r - ring of see invisible
Sust.Abil.: . .     Spirit.Shd : .   s - +1 ring of evasion
Res.Mut.  : .       Stasis     : .   (no ring)
Res.Rott. : .       Flight     : .   (no ring)
Saprovore : . . .                    (no ring)
                                     (no ring)
                                     (no ring)
                                     (no ring)

@: somewhat resistant to hostile enchantments, stealthy
A: almost no armour, amphibious, 8 rings, constrict 8, camouflage 1, AC +1
a: Renounce Religion


You were on level 6 of the Dungeon.
You worshipped Vehumet.
Vehumet was most pleased with you.
You were not hungry.

You visited 2 branches of the dungeon, and saw 8 of its levels.
You also visited: Sewer.

You collected 305 gold pieces.

Inventory:

Hand weapons
 a - a +2,+3 orcish trident
 b - a +0 blowgun (weapon)
Missiles
 u - 16 poisoned needles (quivered)
Armour
 i - the cursed +1 robe "Woset" {Dex+1 Stlth, unknown}
   (You found it on level 6 of the Dungeon)

   It affects your dexterity (+1).
   It makes you more stealthy.
   It has a curse placed upon it.
 t - a cursed +0 wizard hat (worn)
Magical devices
 n - a wand of slowing (15)
 q - a wand of digging (22)
Comestibles
 d - 5 bread rations
 x - a choko
 D - 3 chunks of orc flesh
Scrolls
 e - 3 scrolls of recharging
 f - 2 scrolls of enchant weapon I
 h - 3 scrolls of random uselessness {unknown}
 j - a scroll of enchant weapon II {unknown}
 l - 3 scrolls of remove curse {unknown}
 m - a scroll of curse jewellery {unknown}
 p - a scroll of enchant armour {unknown}
 v - 3 scrolls of fear {unknown}
 y - a scroll of fog {unknown}
 A - a scroll of teleportation {unknown}
 G - a scroll of silence {unknown}
 H - a scroll of noise {unknown}
Jewellery
 r - a ring of see invisible (left tentacle)
 s - a +1 ring of evasion (right tentacle)
Potions
 g - 2 potions of magic {unknown}
 k - 3 potions of heal wounds
 o - 2 potions of speed
 w - 2 potions of might
 z - 2 potions of brilliance
 C - a potion of flight {unknown}
 E - a potion of poison {unknown}
 I - a potion of porridge {unknown}
Books
 c - a book of Minor Magic

   Spells                             Type                      Level
   *Magic Dart                        Conjuration                  1
   *Blink                             Translocation                2
   Call Imp                           Summoning                    2
   *Repel Missiles                    Charms/Air                   2
   Slow                               Hexes                        2
   *Conjure Flame                     Conjuration/Fire             3
   *Mephitic Cloud                    Conjuration/Poison/Air       3
 B - a book of Geomancy

   Spells                             Type                      Level
   Sandblast                          Earth                        1
   Stoneskin                          Transmutation/Earth          2
   Passwall                           Transmutation/Earth          3
   *Stone Arrow                       Conjuration/Earth            3
   Petrify                            Transmutation/Earth          4
   Lee's Rapid Deconstruction         Earth                        5
 F - a book of Debilitation

   Spells                             Type                      Level
   Corona                             Hexes                        1
   Slow                               Hexes                        2
   Inner Flame                        Hexes/Fire                   3
   Enslavement                        Hexes                        4
   Cause Fear                         Hexes                        4
   Leda's Liquefaction                Hexes/Earth                  4


   Skills:
 - Level 2.0 Dodging
 - Level 2.6 Stealth
 - Level 7.3 Spellcasting
 - Level 10.0 Conjurations
   Level 1.0 Summonings
 - Level 1.0 Translocations
 + Level 6.0 Earth Magic


You had 9 spell levels left.
You knew the following spells:

 Your Spells              Type           Power        Failure   Level  Hunger
a - Magic Dart            Conj           ####         1%          1    None
b - Conjure Flame         Conj/Fire      ####....     1%          3    None
c - Mephitic Cloud        Conj/Pois/Air  ###.....     1%          3    None
d - Stone Arrow           Conj/Erth      #####.       1%          3    None
l - Blink                 Tloc           N/A          10%         2    None
r - Repel Missiles        Chrm/Air       #.........   12%         2    None


Dungeon Overview and Level Annotations

Branches:
Dungeon (7/16)             Temple (1/1) D:4
    Orc: D:6-11

Altars:
Ashenzari
Cheibriados
Kikubaaqudgha
Makhleb
Nemelex Xobeh
Okawaru
Sif Muna
Trog
Vehumet
Xom
Yredelemnul
Zin
the Shining One

Shops:
D:7 (


Innate Abilities, Weirdness & Mutations

You cannot wear most types of armour.
You are amphibious.
You can wear up to eight rings at the same time.
You can use your tentacles to constrict many enemies at once.
Your skin changes colour to match your surroundings (Stlth).
Your rubbery body absorbs attacks (AC +1).


Message History

s - a blackened pearl ring
Things that are here:
an orcish trident; an orcish robe Put on which piece of jewellery? (? for menu, Esc to quit)
s - a +1 ring of evasion (right tentacle)
Things that are here:
an uncursed glowing orcish dagger; an orc corpse You start butchering the orc corpse with your knife.
You continue butchering the corpse.
You feel yourself speed up.
You continue butchering the corpse.
You finish chopping the orc corpse into pieces.
D - 3 chunks of orc flesh You see here an uncursed glowing orcish dagger.
Eat which item? (? for menu, Esc to quit)
Okay, then.
You start resting.
You start resting.
Magic restored.
Are you sure you want to abandon this character and quit the game? (Confirm with "yes".)

.................................
...............#######.######.###
......^........# #.# #.#
...............# #.# #.#
...............# #.# #.#
...............# #.# #.#
......>........# #.# #.#
...............#######.######.###
................@)...>..>........
#####.##########.#####.#####.####
#.# #.# #.# #.# #.# #.# #.# #.#
#.# #.# #.# #.# #.# #.# #.# #.#
#.# #.# #.# #.# #.# #.# #.# #.#
#####.##########.#####.#####.####


There were no monsters in sight!

Vanquished Creatures
  Grinder (D:6)
  A hill giant zombie (D:7)
  Menkaure (D:5)
  A black bear (D:7)
  Purgy (D:3)
  A sky beast (D:4)
  A centaur (D:5)
  An orc warrior (D:6)
  2 ogres
  2 phantoms
  Sigmund (D:4)
  9 big kobolds (Sewer)
  A gnoll sergeant (D:5)
  The ghost of 4tharraofdagon the Firebug, a weakling DjFE (D:5)
  5 crimson imps
  3 orc priests
  A goliath beetle (D:6)
  2 scorpions
  A quasit (D:5)
  Crazy Yiuf (D:5)
  A hound (D:5)
  4 worker ants
  6 orc wizards
  2 iguanas
  Jessica (D:2)
  An ogre skeleton (D:6)
  A hound zombie (D:6)
  8 gnolls
  2 green rats
  11 adders
  An inept feature mimic (D:2)
  5 giant mites
  3 worms (Sewer)
  An iguana zombie (D:5)
  4 grey rats
  2 giant eyeballs (D:6)
  7 giant geckos
  4 oozes
  19 orcs
  17 bats
  2 bat zombies
  7 giant cockroaches
  18 hobgoblins
  4 ball pythons
  A giant gecko zombie (D:5)
  3 giant newts
  2 giant spores (D:7)
  12 goblins
  A hobgoblin zombie (D:6)
  17 kobolds
  17 rats
  A rat zombie (D:6)
222 creatures vanquished.

Vanquished Creatures (others)
  An ooze (D:7)
1 creature vanquished.

Grand Total: 223 creatures vanquished

Notes
Turn   | Place    | Note
--------------------------------------------------------------
     0 | D:1      | Kellhus, the Octopode Wizard, began the quest for the Orb.
     0 | D:1      | Reached XP level 1. HP: 9/9 MP: 5/5
   143 | D:1      | Reached XP level 2. HP: 15/15 MP: 4/7
   608 | D:1      | Reached XP level 3. HP: 19/19 MP: 6/9
  1164 | D:2      | Reached XP level 4. HP: 25/25 MP: 9/11
  1391 | D:2      | Noticed Jessica
  1400 | D:2      | Killed Jessica
  1400 | D:2      | Reached skill level 4 in Conjurations
  1767 | D:3      | Reached XP level 5. HP: 16/29 MP: 5/12
  1851 | D:3      | Learned a level 3 spell: Conjure Flame
  1855 | D:3      | Learned a level 3 spell: Mephitic Cloud
  2077 | D:3      | Reached skill level 5 in Conjurations
  2261 | D:3      | Noticed Purgy
  2278 | D:3      | Killed Purgy
  2278 | D:3      | Reached XP level 6. HP: 35/35 MP: 1/14
  2398 | D:3      | Reached skill level 6 in Conjurations
  3080 | D:4      | Noticed Sigmund
  3089 | D:4      | Killed Sigmund
  3089 | D:4      | Reached XP level 7. HP: 39/39 MP: 4/18
  3542 | D:4      | Found a staircase to the Ecumenical Temple.
  3552 | Temple   | Entered the Ecumenical Temple
  3727 | Temple   | Became a worshipper of Vehumet
  3969 | D:4      | Reached skill level 5 in Spellcasting
  4076 | D:4      | Learned a level 2 spell: Blink
  4079 | D:4      | Learned a level 2 spell: Repel Missiles
  4080 | D:5      | Entered Level 5 of the Dungeon
  4366 | D:5      | Noticed Menkaure
  4425 | D:5      | Reached skill level 7 in Conjurations
  4445 | D:5      | Noticed 4tharraofdagon's ghost (weakling DjFE)
  4458 | D:5      | Killed 4tharraofdagon's ghost
  4470 | D:5      | Reached XP level 8. HP: 43/45 MP: 0/20
  4519 | D:4      | Acquired Vehumet's first power
  4519 | D:4      | Offered knowledge of Shock by Vehumet.
  4655 | D:5      | Reached skill level 8 in Conjurations
  5202 | D:5      | Found a glowing golden altar of the Shining One.
  5313 | D:5      | Noticed Crazy Yiuf
  5321 | D:5      | Killed Crazy Yiuf
  5442 | D:5      | Killed Menkaure
  5442 | D:5      | Reached skill level 9 in Conjurations
  5848 | D:6      | Found a glowing drain.
  5871 | D:6      | Offered knowledge of Freeze by Vehumet.
  5905 | Sewer    | Entered a sewer
  5981 | Sewer    | Reached skill level 10 in Conjurations
  5981 | Sewer    | Reached XP level 9. HP: 42/49 MP: 15/21
  6995 | D:6      | Got a twisted robe
  7023 | D:6      | Learned a level 3 spell: Stone Arrow
  7122 | D:6      | Reached skill level 1 in Earth Magic
  7124 | D:6      | Offered knowledge of Throw Frost by Vehumet.
  7212 | D:6      | Noticed Grinder
  7216 | D:6      | Killed Grinder
  7511 | D:6      | Acquired Vehumet's second power
  7924 | D:6      | Paralysed by a giant eyeball for 3 turns
  7970 | D:6      | Found a sparkling altar of Nemelex Xobeh.
  7974 | D:6      | Found a basalt altar of Yredelemnul.
  8141 | D:7      | Reached skill level 5 in Earth Magic
  8280 | D:7      | Found Taahaz's Antique Weapon Shop.
  8435 | D:6      | Reached XP level 10. HP: 23/54 MP: 4/25
  8558 | D:6      | Quit the game

Action                   |  1- 3 |  4- 6 |  7- 9 | 10-12 || total
-------------------------+-------+-------+-------+-------++-------
Melee: Unarmed           |     7 |       |       |       ||     7
       Trident           |       |     4 |    22 |       ||    26
 Fire: Blowgun           |       |     8 |    27 |       ||    35
 Cast: Magic Dart        |    81 |    99 |   421 |       ||   601
       Conjure Flame     |       |     3 |     6 |       ||     9
       Mephitic Cloud    |       |     3 |    14 |       ||    17
       Stone Arrow       |       |       |    55 |     2 ||    57
       Repel Missiles    |       |       |     1 |       ||     1
Evoke: Wand              |       |       |     2 |       ||     2
  Use: Scroll            |       |       |     7 |       ||     7
 Stab: Confused          |       |     2 |     1 |       ||     3
